AoeStats
← RetreatoftheLightBrigade

Arena

505133032Analyzed
1v1 RM · 25d ago on Sep 8, 2026· 44m 16s· 2 players
Game mode
Random Map
Map size
Tiny (2 player)
Population
200
Speed
Normal
Resources
Standard
Victory
Conquest
Starting age
Dark Age
Ending age
Imperial Age
RankedLock teamsTeams togetherTeam positionsShared explorationLock speedFull tech treeHidden civsTurbo modeCheats
Victory
Defeat
🇦🇷 Saracens · Argentina
1090
+17
🇨🇦 Slavs · Canada
1112
-17
C4$TL3 a0e
9:58 Feudal Age
13:57 Castle Age
12:32 Loom
14:06 Stone Mining
21:25 Wheelbarrow
20:45 Double-Bit Axe
24:18 Bow Saw
25:10 Horse Collar
27:12 Hand Cart
26:53 Gold Mining
27:23 Heavy Plow
31:02 Imperial Age
28:44 Devotion
29:07 Scale Barding Armor
29:06 Town Watch
29:42 Fletching
29:52 Padded Archer Armor
30:20 Bodkin Arrow
30:53 Thumb Ring
30:10 Crossbowman
31:29 Murder Holes
32:00 Ballistics
31:57 Fortified Wall
31:54 Arbalester
35:50 Chemistry
34:53 Bracer
36:22 Two-Man Saw
37:44 Leather Archer Armor
42:35 Masonry
RetreatoftheLightBrigade
10:01 Feudal Age
13:45 Castle Age
12:05 Double-Bit Axe
13:21 Horse Collar
17:22 Loom
20:14 Wheelbarrow
20:51 Bow Saw
22:20 Town Watch
22:32 Man-at-Arms
23:17 Scale Mail Armor
23:27 Forging
23:46 Hand Cart
23:14 Long Swordsman
27:16 Chain Mail Armor
28:42 Iron Casting
30:36 Squires
33:24 Imperial Age
32:26 Scale Barding Armor
35:06 Blast Furnace
33:49 Two-Handed Swordsman
34:32 Capped Ram
36:14 Siege Ram
37:28 Chain Barding Armor
38:00 Elite Boyar
39:39 Champion
41:04 Onager
Connection lost

Rejoining the realm…

Still unreachable

The connection could not be restored.

Session expired

The server has moved on; the page needs a fresh start.